[Event "Titled Tuesday Blitz January 31 Late 2023"]
[White "Vaglio Munoz, Jaime"]
[Black "Figorito, Nick"]
[WhiteFideId "6500145"]
[BlackFideId "30923689"]
[WhiteElo "2174"]
[BlackElo "2036"]
[Result "0-1"]
[Round "04"]
[TimeControl "180+2"]
[Date "2023.01.31"]
[WhiteClock "0:00:01"]
[BlackClock "0:00:25"]

1. d4 Nf6 2. Nf3 g6 3. g3 Bg7 4. Bg2 O-O 5. O-O c6 6. b3 d5 7. Bb2 a5 8. Nbd2 a4 9. a3 axb3 10. cxb3 Bf5 11. Rc1 Qc8 12. Re1 Bh3 13. Bh1 Nbd7 14. e4 dxe4 15. Nxe4 Nxe4 16. Rxe4 e6 17. Ne5 Bf5 18. Re3 h5 19. h4 Bh6 20. f4 Rd8 21. d5 Nxe5 22. Rxe5 Bg7 23. Qe2 exd5 24. Bxd5 Rxd5 25. Rxd5 Bxb2 26. Qxb2 cxd5 27. Rxc8+ Rxc8 28. Qd4 Be4 29. b4 Rc2 30. a4 Rg2+ 31. Kf1 Rxg3 32. a5 Rf3+ 33. Ke1 Rxf4 34. b5 Rxh4 35. a6 bxa6 36. bxa6 Rh1+ 37. Kd2 Rh2+ 38. Kc3 Ra2 39. a7 h4 40. Kb3 Ra6 41. Qe5 h3 42. Qb8+ Kh7 43. a8=Q Rxa8 44. Qxa8 h2 45. Qb8 h1=Q 46. Qf4 Qf3+ 47. Qxf3 Bxf3 0-1


[Site "https://www.chess.com"]

[Event "Titled Tuesday Blitz January 31 Late 2023"]
[White "Curtis, John"]
[Black "Kaganskiy, Gleb"]
[WhiteFideId "3200256"]
[BlackFideId "4132025"]
[WhiteElo "2292"]
[BlackElo "2205"]
[Result "0-1"]
[Round "04"]
[TimeControl "180+2"]
[Date "2023.01.31"]
[WhiteClock "0:01:16"]
[BlackClock "0:00:12"]

1. d4 d6 2. e4 Nf6 3. Nc3 e5 4. Nf3 Nbd7 5. Bc4 Be7 6. Bb3 O-O 7. O-O c6 8. Re1 b5 9. a3 a5 10. d5 Bb7 11. dxc6 Bxc6 12. Bg5 Nc5 13. Bxf6 Bxf6 14. Bd5 Bxd5 15. Nxd5 Be7 16. Qe2 Ne6 17. Rad1 Rb8 18. c3 Nc7 19. Nxc7 Qxc7 20. Rd5 Rfd8 21. Red1 f6 22. Nd2 b4 23. Qc4 Qxc4 24. Nxc4 bxc3 25. bxc3 Rdc8 26. Nxd6 Bxd6 27. Rxd6 Rxc3 28. a4 Rc4 29. Rd7 Rxa4 30. h3 Rd4 31. R1xd4 exd4 32. Rxd4 Ra8 33. Ra4 Kf7 34. f4 Ke6 35. Kf2 Kd6 36. Ke3 Kc5 37. Kd3 Kb5 38. Ra1 a4 39. Kc3 Rc8+ 40. Kb2 Kb4 41. Re1 Rc4 42. e5 fxe5 43. fxe5 a3+ 44. Ka1 Rc8 45. e6 Re8 46. e7 Kc5 47. Ka2 Kd6 48. Kxa3 Rxe7 49. Rd1+ Ke6 50. Rd2 Kf7 51. Kb3 g5 52. Kc3 Kg6 53. Rf2 Rd7 54. Kc4 h5 55. Kc3 g4 56. hxg4 hxg4 57. Rf4 Kg5 58. Rc4 Kh4 59. Kc2 Kg3 60. Re4 Rg7 61. Re2 Rf7 62. Kd3 Rf2 63. Re8 Kxg2 64. Ke3 g3 65. Rg8 Rf1 66. Ke2 Rf6 67. Re8 Kh2 68. Rh8+ Kg1 69. Re8 g2 70. Ke1 Rf5 71. Re7 Rh5 72. Re6 Kh2 73. Re2 Kh1 74. Rxg2 Kxg2 75. Ke2 Rf5 76. Kd3 Kf3 77. Kc4 Rf4+ 78. Kd5 Re4 79. Kd6 Ke3 80. Kd5 Rd4+ 81. Ke5 Kd3 82. Kf5 Re4 83. Kg5 Ke3 84. Kf5 Rd4 85. Ke5 Ra4 86. Kf5 Rb4 87. Ke5 Rb5+ 88. Kd6 Kd4 89. Kc6 Rg5 90. Kd6 Rg6+ 91. Ke7 Ke5 92. Kf7 Ra6 93. Kg7 Kf5 94. Kh7 Kg5 95. Kg8 Ra7 96. Kf8 Kg6 97. Ke8 Rh7 98. Kd8 Kf6 99. Kc8 Rg7 100. Kb8 Ke6 101. Kc8 Kd6 102. Kd8 Rg8# 0-1


[Site "https://www.chess.com"]

[Event "Titled Tuesday Blitz January 31 Late 2023"]
[White "Foerster-Yialamas, Lucas"]
[Black "Souza, Gustavo Horokoski De"]
[WhiteFideId "30901774"]
[BlackFideId "2146584"]
[WhiteElo "2151"]
[BlackElo "1943"]
[Result "1-0"]
[Round "04"]
[TimeControl "180+2"]
[Date "2023.01.31"]
[WhiteClock "0:01:23"]
[BlackClock "0:00:09"]

1. g4 c6 2. g5 d5 3. h4 h6 4. f4 e5 5. g6 fxg6 6. fxe5 Nd7 7. d4 Be7 8. Nf3 h5 9. Qd3 Nf8 10. Bg5 Bf5 11. Qb3 Qb6 12. e3 Qxb3 13. cxb3 Nh6 14. Bxe7 Kxe7 15. Bg2 Ng4 16. Ke2 Ne6 17. Nbd2 Rhf8 18. a4 a5 19. Rac1 Nc7 20. Ng5 Na6 21. e4 dxe4 22. Bxe4 Nb4 23. Rhd1 Bxe4 24. Ndxe4 Nd5 25. Rf1 Nf4+ 26. Kd2 Ng2 27. Nc5 Nxh4 28. Nxb7 Rfb8 29. Rf7+ Ke8 30. Nd6+ Kd8 31. Ne6# 1-0


[Site "https://www.chess.com"]

[Event "Titled Tuesday Blitz January 31 Late 2023"]
[White "Tanenbaum, Zachary"]
[Black "Almedina Ortiz, Edgardo J."]
[WhiteFideId "2060850"]
[BlackFideId "3100197"]
[WhiteElo "2261"]
[BlackElo "2156"]
[Result "1-0"]
[Round "04"]
[TimeControl "180+2"]
[Date "2023.01.31"]
[WhiteClock "0:02:36"]
[BlackClock "0:00:02"]

1. e4 e5 2. Nf3 Nc6 3. Bc4 Bc5 4. c3 Nf6 5. d4 exd4 6. b4 Bb6 7. e5 d5 8. exf6 dxc4 9. Qe2+ Be6 10. b5 d3 11. Qe4 Qxf6 12. bxc6 O-O 13. cxb7 Rad8 14. Bg5 d2+ 15. Nbxd2 Qxc3 16. O-O Rd3 17. Rac1 Qb2 18. Nxc4 Bxc4 19. Qxc4 Ra3 20. Rce1 Rxa2 21. Be3 Bxe3 22. Rxe3 1-0


[Site "https://www.chess.com"]

[Event "Titled Tuesday Blitz January 31 Late 2023"]
[White "Womacka, Mathias"]
[Black "Romero Ruscalleda, Josep"]
[WhiteFideId "4611390"]
[BlackFideId "2231859"]
[WhiteElo "2396"]
[BlackElo "2160"]
[Result "1-0"]
[Round "04"]
[TimeControl "180+2"]
[Date "2023.01.31"]
[WhiteClock "0:00:13"]
[BlackClock "0:00:01"]

1. e4 g6 2. d4 Bg7 3. Nc3 d6 4. f4 a6 5. Nf3 b5 6. Bd3 Bb7 7. O-O Nd7 8. e5 Nh6 9. Be4 Bxe4 10. Nxe4 c5 11. exd6 O-O 12. dxc5 exd6 13. cxd6 Re8 14. Qd3 Rc8 15. c3 Nf5 16. Bd2 Nc5 17. Nxc5 Rxc5 18. Rfe1 Rxe1+ 19. Rxe1 Qxd6 20. Re8+ Bf8 21. Qxd6 Nxd6 22. Ra8 a5 23. Rxa5 Nc4 24. Ra8 Nxd2 25. Nxd2 b4 26. c4 Kg7 27. Kf2 f5 28. Rb8 Bd6 29. Rxb4 Bxf4 30. Nf3 g5 31. g3 Bc1 32. b3 f4 33. gxf4 gxf4 34. Rb5 Rc7 35. a4 Be3+ 36. Ke2 Re7 37. Kd3 Bf2 38. Re5 Rd7+ 39. Kc2 Kf6 40. Rd5 Re7 41. Nd4 Bxd4 42. Rxd4 Kf5 43. Rd8 f3 44. Rf8+ Ke4 45. Kc3 Ke3 46. c5 f2 47. c6 1-0


[Site "https://www.chess.com"]

[Event "Titled Tuesday Blitz January 31 Late 2023"]
[White "Deviprasath, Sharvesh"]
[Black "Mayaud, Raphael"]
[WhiteFideId "30938228"]
[BlackFideId "627151"]
[WhiteElo "2296"]
[BlackElo "2201"]
[Result "1-0"]
[Round "04"]
[TimeControl "180+2"]
[Date "2023.01.31"]
[WhiteClock "0:00:14"]
[BlackClock "0:00:25"]

1. e4 d5 2. exd5 Qxd5 3. Nc3 Qa5 4. Nf3 c6 5. b4 Qxb4 6. Rb1 Qd6 7. d4 Bf5 8. Bc4 b5 9. Bb3 e6 10. a4 b4 11. Ne2 Nf6 12. Bf4 Qd8 13. O-O Be7 14. Ne5 O-O 15. Ng3 Bg6 16. Re1 Nd5 17. Bd2 Qc7 18. h4 Bxh4 19. Qg4 Be7 20. Qh3 Nd7 21. Nxg6 hxg6 22. f3 a5 23. Kf2 Bd6 24. Ne4 Bf4 25. c4 Bxd2 26. cxd5 Bxe1+ 27. Rxe1 Nf6 28. Nxf6+ gxf6 29. Rh1 1-0


[Site "https://www.chess.com"]

[Event "Titled Tuesday Blitz January 31 Late 2023"]
[White "Wang, Alexander J"]
[Black "Bouget, Alexandre"]
[WhiteFideId "30955270"]
[BlackFideId "681318"]
[WhiteElo "1815"]
[BlackElo "2267"]
[Result "0-1"]
[Round "04"]
[TimeControl "180+2"]
[Date "2023.01.31"]
[WhiteClock "0:01:09"]
[BlackClock "0:02:26"]

1. e4 e6 2. d4 d5 3. e5 c5 4. c3 Nc6 5. Nf3 Qb6 6. Be2 Bd7 7. O-O Nh6 8. Bxh6 gxh6 9. Qd2 Bg7 10. Na3 O-O 11. Nb5 Kh8 12. Nd6 f6 13. dxc5 Qxc5 14. Nxb7 Qe7 15. exf6 Bxf6 16. Qxh6 Rab8 17. Nc5 Qxc5 18. Ng5 Qe7 19. Nf3 Rxb2 20. Bd3 Qg7 21. Qc1 Bxc3 0-1


[Site "https://www.chess.com"]

[Event "Titled Tuesday Blitz January 31 Late 2023"]
[White "Floresvillar Gonzalez, Luis Migu"]
[Black "Ansh M Shah"]
[WhiteFideId "5100542"]
[BlackFideId "25033379"]
[WhiteElo "2043"]
[BlackElo "2171"]
[Result "0-1"]
[Round "04"]
[TimeControl "180+2"]
[Date "2023.01.31"]
[WhiteClock "0:00:41"]
[BlackClock "0:02:11"]

1. d4 Nf6 2. c3 d5 3. Bg5 e6 4. Nd2 Be7 5. Ngf3 O-O 6. Ne5 Nbd7 7. f4 h6 8. Bxf6 Bxf6 9. e3 c6 10. Ndf3 Bxe5 11. Nxe5 Nxe5 12. dxe5 f6 13. exf6 Qxf6 14. Bd3 e5 15. O-O e4 16. Be2 Be6 17. Qd4 b6 18. Rad1 c5 19. Qxf6 Rxf6 20. a3 Bf7 21. h3 Rd8 22. Rd2 Rfd6 23. Rfd1 Kf8 24. g4 Ke7 25. Kf2 g5 26. f5 Kf6 27. Kg3 Ke5 28. Bb5 d4 29. cxd4+ cxd4 30. exd4+ Rxd4 31. Rxd4 Rxd4 32. Rxd4 Kxd4 33. Kf2 e3+ 34. Ke2 Ke4 35. Bc6+ Kf4 36. Kd3 Bc4+ 37. Kc2 Kg3 38. f6 e2 39. Kd2 Kf2 40. Bb5 e1=Q+ 0-1


[Site "https://www.chess.com"]

[Event "Titled Tuesday Blitz January 31 Late 2023"]
[White "Torres Dominguez, David"]
[Black "Llanos, Guillermo"]
[WhiteFideId "2220857"]
[BlackFideId "100358"]
[WhiteElo "1994"]
[BlackElo "2290"]
[Result "1-0"]
[Round "04"]
[TimeControl "180+2"]
[Date "2023.01.31"]
[WhiteClock "0:00:58"]
[BlackClock "0:01:02"]

1. e4 d6 2. Nc3 e5 3. f4 Nc6 4. Nf3 exf4 5. d4 g5 6. d5 Ne5 7. Bb5+ c6 8. dxc6 bxc6 9. Nxe5 cxb5 10. Qd5 dxe5 11. Qxa8 Bd7 12. Qxd8+ Kxd8 13. Nd5 Ne7 14. Nf6 Bc6 15. Bd2 Bg7 16. Nh5 Rg8 17. O-O-O Kc8 18. Rhe1 Bh8 19. Bb4 Ng6 20. Rd6 Bd7 21. h3 f5 22. Red1 fxe4 23. Rxd7 e3 24. Rxa7 Kb8 25. Rdd7 e4 26. Bd6+ Kc8 27. Rdc7+ 1-0


[Site "https://www.chess.com"]

[Event "Titled Tuesday Blitz January 31 Late 2023"]
[White "Vaglio Mattey, Emanuel"]
[Black "Araujo, Everson De Moura"]
[WhiteFideId "6504167"]
[BlackFideId "22737197"]
[WhiteElo "2155"]
[BlackElo "1944"]
[Result "1-0"]
[Round "04"]
[TimeControl "180+2"]
[Date "2023.01.31"]
[WhiteClock "0:02:50"]
[BlackClock "0:02:19"]

1. d4 d5 2. Nf3 Nf6 3. Bg5 Ne4 4. Bh4 h6 5. e3 g5 6. Bg3 Nxg3 7. hxg3 Bg7 8. Nbd2 Bf5 9. c4 e6 10. Qb3 Qc8 11. cxd5 Nd7 12. e4 Bg4 13. Nh2 Bh5 14. dxe6 1-0


[Site "https://www.chess.com"]

[Event "Titled Tuesday Blitz January 31 Late 2023"]
[White "Radionov, Timur"]
[Black "Mosquera, Miguel"]
[WhiteFideId "34178772"]
[BlackFideId "4401131"]
[WhiteElo "2200"]
[BlackElo "2371"]
[Result "1-0"]
[Round "04"]
[TimeControl "180+2"]
[Date "2023.01.31"]
[WhiteClock "0:01:42"]
[BlackClock "0:00:07"]

1. e4 c5 2. Nc3 d6 3. f4 e6 4. Nf3 Nf6 5. Bb5+ Bd7 6. Bc4 Be7 7. O-O O-O 8. d3 a6 9. a4 Bc6 10. e5 Nd5 11. Ne4 Nb6 12. exd6 Bxd6 13. Nxd6 Qxd6 14. Bb3 N8d7 15. Be3 Nd5 16. Bxd5 exd5 17. d4 c4 18. Re1 Nf6 19. Ne5 Ne4 20. a5 Rab8 21. c3 f6 22. Nf3 Rfe8 23. f5 Bd7 24. Nh4 b6 25. Qg4 Qe7 26. Bf4 Rb7 27. axb6 Rxb6 28. Qe2 Qf7 29. Be3 Nd6 30. Qc2 Qh5 31. Bf2 Ne4 32. Qe2 Qf7 33. Rab1 Nxc3 34. Qxe8+ Bxe8 35. bxc3 Rxb1 36. Rxb1 Bb5 37. Bg3 g5 38. Nf3 Qd7 39. Re1 Qxf5 40. Bd6 Qd3 41. Bb4 Qc2 42. h3 Qa2 43. Be7 Kf7 44. Bd6 Qc2 45. Bb4 Qb3 46. g4 Qc2 47. Re3 Qc1+ 48. Kf2 Qa1 49. h4 a5 50. Bd6 h6 51. h5 a4 52. Re7+ Kg8 53. Rb7 Qb2+ 54. Kg3 a3 55. Bxa3 Qxa3 56. Rb8+ Kf7 57. Rb7+ Ke6 58. Rxb5 Qxc3 59. Rb6+ Kd7 60. Rxf6 Qd3 61. Kf2 c3 62. Ne5+ Ke7 63. Rf7+ Ke6 64. Nxd3 Kxf7 65. Ke1 Ke6 66. Kd1 Kd6 67. Kc2 Kc6 68. Kxc3 Kb5 69. Ne5 Ka4 70. Nf7 Ka3 71. Nxh6 Ka2 72. Nf7 Kb1 73. h6 Kc1 74. h7 Kd1 75. h8=Q Ke1 76. Qh2 Kf1 77. Kd3 Ke1 78. Qe2# 1-0


[Site "https://www.chess.com"]

[Event "Titled Tuesday Blitz January 31 Late 2023"]
[White "Chabris, Christopher"]
[Black "Mazibuko, Khanya"]
[WhiteFideId "2005263"]
[BlackFideId "14321041"]
[WhiteElo "2053"]
[BlackElo "1913"]
[Result "1-0"]
[Round "04"]
[TimeControl "180+2"]
[Date "2023.01.31"]
[WhiteClock "0:01:19"]
[BlackClock "0:02:22"]

1. e4 c5 2. Nf3 e6 3. d4 cxd4 4. Nxd4 a6 5. c4 Nf6 6. Nc3 Bb4 7. Be2 Nxe4 8. Qd3 Nc5 9. Qg3 Qf6 10. Be3 Nc6 11. a3 Nxd4 12. axb4 Nc2+ 13. Kd1 Nxa1 14. Bxc5 Nb3 15. Bd6 Nd4 16. Bd3 Nf5 17. Bxf5 Qxf5 18. Qxg7 Qg4+ 19. Qxg4 1-0


[Site "https://www.chess.com"]

[Event "Titled Tuesday Blitz January 31 Late 2023"]
[White "Itkis, Boris"]
[Black "Clawitter, Craig"]
[WhiteFideId "1209167"]
[BlackFideId "2023105"]
[WhiteElo "2329"]
[BlackElo "2050"]
[Result "1-0"]
[Round "04"]
[TimeControl "180+2"]
[Date "2023.01.31"]
[WhiteClock "0:00:21"]
[BlackClock "0:00:04"]

1. c4 e6 2. Nf3 Nf6 3. b3 d5 4. Bb2 c5 5. e3 Nc6 6. cxd5 exd5 7. d4 Be7 8. Bb5 O-O 9. O-O cxd4 10. Nxd4 Ne5 11. Nd2 Bg4 12. Be2 Bd7 13. N2f3 Ng6 14. Rc1 Rc8 15. Bd3 Ne4 16. Rxc8 Qxc8 17. Qa1 Bf6 18. Rc1 Qb8 19. Rc2 Rc8 20. Qc1 Ne5 21. Nxe5 Bxe5 22. g3 Bh3 23. f4 Bf6 24. Bxe4 dxe4 25. f5 Rxc2 26. Qxc2 Bxd4 27. Bxd4 Bxf5 28. Qc5 Bg6 29. Kf2 h6 30. h4 b6 31. Qe7 Qc8 32. Qe5 Qf5+ 33. Ke2 Qxe5 34. Bxe5 f6 35. Bc7 b5 36. Kd2 Kf7 37. Kc3 Ke6 38. Kb4 Be8 39. Kc5 Kd7 40. Bb8 a6 41. Kb6 Bf7 42. Kxa6 Kc6 43. Ka5 Bd5 44. Kb4 g6 45. Ba7 f5 46. Bd4 h5 47. Be5 Be6 48. Bf4 Bd5 49. a4 bxa4 50. bxa4 Kb6 51. a5+ Ka6 52. Kc5 Ba2 53. Bc7 Bb1 54. Kd6 Ba2 55. Ke7 Kb5 56. Kf6 Kc6 57. Bb6 Kd5 58. Kxg6 Ke6 59. Kxh5 Bc4 60. Kg5 Be2 61. h5 1-0


[Site "https://www.chess.com"]

[Event "Titled Tuesday Blitz January 31 Late 2023"]
[White "Alfaro, William"]
[Black "Tarnowska, Aleksandra"]
[WhiteFideId "6100457"]
[BlackFideId "1180967"]
[WhiteElo "2134"]
[BlackElo "1835"]
[Result "1-0"]
[Round "04"]
[TimeControl "180+2"]
[Date "2023.01.31"]
[WhiteClock "0:01:24"]
[BlackClock "0:00:01"]

1. e4 c5 2. Nf3 e6 3. d4 cxd4 4. Nxd4 a6 5. g3 d6 6. Bg2 Nf6 7. O-O Be7 8. Nc3 O-O 9. Be3 Qc7 10. Qe2 Nc6 11. f4 Rd8 12. h3 h6 13. g4 d5 14. e5 Nd7 15. Rad1 Nxd4 16. Bxd4 Bc5 17. Qf2 Bxd4 18. Qxd4 b5 19. Rf2 Bb7 20. Re1 Qc5 21. Qd3 Qc4 22. Qd2 b4 23. Ne2 Rac8 24. Nd4 Qxa2 25. f5 Nf8 26. f6 1-0


[Site "https://www.chess.com"]

[Event "Titled Tuesday Blitz January 31 Late 2023"]
[White "Zhou, Qiyu"]
[Black "Harish, Neeraj"]
[WhiteFideId "505161"]
[BlackFideId "30958130"]
[WhiteElo "2201"]
[BlackElo "2232"]
[Result "0-1"]
[Round "04"]
[TimeControl "180+2"]
[Date "2023.01.31"]
[WhiteClock "0:00:15"]
[BlackClock "0:00:15"]

1. e4 c5 2. Nf3 Nc6 3. d4 cxd4 4. Nxd4 Nf6 5. Nc3 e5 6. Ndb5 d6 7. Bg5 a6 8. Na3 b5 9. Nd5 Be7 10. Bxf6 Bxf6 11. c3 O-O 12. h4 g6 13. h5 Bg5 14. Nc2 Rb8 15. Nce3 Ne7 16. Bd3 Nxd5 17. Nxd5 Bb7 18. Qg4 Bxd5 19. exd5 f5 20. Qh3 e4 21. hxg6 h6 22. Be2 Qf6 23. Qh5 b4 24. O-O bxc3 25. bxc3 Kg7 26. Bxa6 Qxg6 27. Qxg6+ Kxg6 28. c4 f4 29. Bb5 e3 30. a4 Bf6 31. Ra2 Bd4 32. fxe3 fxe3 33. Rxf8 Rxf8 34. Re2 Bc5 35. a5 Kf5 36. Kf1 Ke4+ 37. Ke1 Kd3 38. Kd1 Rf1+ 39. Re1 e2+ 0-1


[Site "https://www.chess.com"]

[Event "Titled Tuesday Blitz January 31 Late 2023"]
[White "Aung Thant Zin"]
[Black "Kalajzic, Ivan"]
[WhiteFideId "13000063"]
[BlackFideId "14506378"]
[WhiteElo "2268"]
[BlackElo "2062"]
[Result "1-0"]
[Round "04"]
[TimeControl "180+2"]
[Date "2023.01.31"]
[WhiteClock "0:00:21"]
[BlackClock "0:00:11"]

1. e4 Nc6 2. Nf3 d6 3. d4 Bg4 4. Nc3 e5 5. d5 Nce7 6. Be2 Nf6 7. Be3 g6 8. Qd2 Bg7 9. Bh6 O-O 10. Bxg7 Kxg7 11. h3 Bd7 12. O-O-O b5 13. Bd3 b4 14. Ne2 Nexd5 15. exd5 e4 16. Qxb4 exf3 17. gxf3 Qb8 18. Qd4 Qb6 19. c4 Qxd4 20. Nxd4 Nh5 21. Rhe1 Rfe8 22. Kd2 Nf4 23. h4 Rxe1 24. Rxe1 Re8 25. Rxe8 Bxe8 26. Bf1 Kf6 27. Ke3 Ke5 28. b4 f5 29. b5 Nh5 30. a4 f4+ 31. Kd3 Ng7 32. Kc3 Bd7 33. Bd3 Kf6 34. Nc2 g5 35. hxg5+ Kxg5 36. Bxh7 Bf5 37. Bxf5 Nxf5 38. Nd4 Nh4 39. a5 Kf6 40. Ne6 Nxf3 41. Nxc7 Ne5 42. b6 axb6 43. a6 Ng4 44. a7 Nxf2 45. a8=Q Ne4+ 46. Kd4 Nc5 47. Qf8+ Kg5 48. Ne6+ Kg4 49. Qxf4+ Kh3 50. Nxc5 bxc5+ 51. Ke3 Kg2 52. Qg4+ Kh1 53. Kf2 1-0


[Site "https://www.chess.com"]

[Event "Titled Tuesday Blitz January 31 Late 2023"]
[White "Onslow, Alfie"]
[Black "Bongo Akanga Ndjila, Barthelemy"]
[WhiteFideId "436976"]
[BlackFideId "10609431"]
[WhiteElo "2157"]
[BlackElo "1824"]
[Result "1-0"]
[Round "04"]
[TimeControl "180+2"]
[Date "2023.01.31"]
[WhiteClock "0:00:09"]
[BlackClock "0:00:14"]

1. e4 e6 2. d4 d5 3. e5 c5 4. c3 Nc6 5. Nf3 Qb6 6. Bd3 Bd7 7. O-O cxd4 8. Re1 dxc3 9. Nxc3 a6 10. h4 Nh6 11. a3 Ng4 12. Qe2 Na5 13. Bf4 Nb3 14. Rad1 Bc5 15. Bg3 h5 16. Ng5 Nd4 17. Qd2 Nh6 18. b4 Be7 19. Bb1 Ndf5 20. Qf4 O-O 21. Nge4 Bc6 22. Nf6+ gxf6 23. Rd3 Rac8 24. Bh2 Kh8 25. Rg3 Rg8 26. exf6 Bxf6 27. Rg5 Nxh4 28. Qxf6+ Rg7 29. Qxg7# 1-0


[Site "https://www.chess.com"]

[Event "Titled Tuesday Blitz January 31 Late 2023"]
[White "kiwibobo"]
[Black "rikchessmx"]
[WhiteElo "2087"]
[BlackElo "2287"]
[Result "1-0"]
[Round "04"]
[TimeControl "180+2"]
[Date "2023.01.31"]
[WhiteClock "0:01:33"]
[BlackClock "0:00:11"]

1. e4 c5 2. Nf3 e6 3. d4 cxd4 4. Nxd4 a6 5. Nc3 Qc7 6. Be2 Nf6 7. O-O h5 8. Be3 Nc6 9. Nxc6 dxc6 10. f4 e5 11. fxe5 Qxe5 12. Bf4 Bc5+ 13. Kh1 Qe7 14. e5 Ng4 15. Ne4 Nxe5 16. Nxc5 Qxc5 17. Bxh5 Be6 18. Re1 Rd8 19. Qe2 Kf8 20. Bxe5 Rd5 21. Bf3 Rd7 22. Rad1 Rxd1 23. Qxd1 Qb5 24. Qd8# 1-0


[Site "https://www.chess.com"]

[Event "Titled Tuesday Blitz January 31 Late 2023"]
[White "Levine, David"]
[Black "Ruiz Aguilar, Pablo Alexander"]
[WhiteFideId "2011611"]
[BlackFideId "4401352"]
[WhiteElo "2040"]
[BlackElo "2161"]
[Result "0-1"]
[Round "04"]
[TimeControl "180+2"]
[Date "2023.01.31"]
[WhiteClock "0:02:03"]
[BlackClock "0:02:32"]

1. d4 d5 2. c4 c6 3. Nf3 Nf6 4. Nc3 e6 5. g3 Nbd7 6. Bg2 Be7 7. O-O O-O 8. Qd3 b6 9. e4 Ba6 10. e5 Bxc4 11. Qc2 Ne8 12. Re1 a5 13. h4 c5 14. Bg5 cxd4 15. Ne2 d3 0-1


[Site "https://www.chess.com"]

[Event "Titled Tuesday Blitz January 31 Late 2023"]
[White "Yu, Yangyi"]
[Black "Drygalov, Sergey"]
[WhiteFideId "8603820"]
[BlackFideId "24171743"]
[WhiteElo "2729"]
[BlackElo "2547"]
[Result "1-0"]
[Round "05"]
[TimeControl "180+2"]
[Date "2023.01.31"]
[WhiteClock "0:00:16"]
[BlackClock "0:00:04"]

1. Nf3 Nf6 2. g3 g6 3. c4 c6 4. Bg2 d5 5. Qa4 Bg7 6. O-O O-O 7. d4 Nbd7 8. cxd5 cxd5 9. Qb3 b6 10. Nc3 e6 11. Bf4 Ba6 12. Rfc1 Bc4 13. Qa4 a5 14. Ne5 b5 15. Qd1 b4 16. Na4 Nxe5 17. Bxe5 Nd7 18. Bxg7 Kxg7 19. b3 Bb5 20. Nc5 Rc8 21. a4 bxa3 22. Rxa3 Qb6 23. Qd2 Kg8 24. Rxa5 Nxc5 25. dxc5 Rxc5 26. Rxc5 Qxc5 27. Bf1 Qb6 28. Ra1 d4 29. Qb4 Rb8 30. Qe7 Qd8 31. Qc5 Qb6 32. Qe5 Rd8 33. Rd1 Bc6 34. Qf6 Rd7 35. Rc1 Bb7 36. Bg2 Rc7 37. Qd8+ Kg7 38. Qxc7 Qxb3 39. Bxb7 Qb2 40. Bf3 d3 41. exd3 e5 42. Qc3 Qb8 43. Re1 f6 44. d4 e4 45. Bxe4 Qd6 46. Qc5 h5 47. Qxd6 1-0


[Site "https://www.chess.com"]

[Event "Titled Tuesday Blitz January 31 Late 2023"]
[White "Zierk, Steven"]
[Black "Andreikin, Dmitry"]
[WhiteFideId "2034255"]
[BlackFideId "4158814"]
[WhiteElo "2488"]
[BlackElo "2729"]
[Result "1/2-1/2"]
[Round "05"]
[TimeControl "180+2"]
[Date "2023.01.31"]
[WhiteClock "0:00:01"]
[BlackClock "0:00:04"]

1. e4 c5 2. Nf3 e6 3. d4 cxd4 4. Nxd4 a6 5. c4 Nf6 6. Nc3 Bb4 7. Qd3 O-O 8. e5 Ne8 9. a3 Be7 10. Be2 d6 11. Nf3 Nc6 12. Bf4 dxe5 13. Nxe5 Qxd3 14. Bxd3 Bd6 15. Nxc6 Bxf4 16. Ne7+ Kh8 17. Nxc8 Rxc8 18. g3 Be5 19. Rc1 Nd6 20. f4 Bf6 21. Nd1 Rfd8 22. Ke2 b5 23. c5 Nc4 24. Bxc4 Rxc5 25. Ne3 bxc4 26. Rxc4 Ra5 27. Rd1 Rb8 28. Rc2 h6 29. Nc4 Ra4 30. b4 a5 31. bxa5 Rc8 32. Kd3 Kh7 33. Rb1 Be7 34. Rb7 Bxa3 35. Rxf7 Bb4 36. Ra7 Rd8+ 37. Ke2 Rc8 38. Ne3 Rxc2+ 39. Nxc2 Rxa5 40. Rxa5 Bxa5 41. Nd4 g5 42. Nxe6 gxf4 43. gxf4 Kg6 44. Kf3 Kf6 45. Nc5 Bc7 46. Ne4+ Kg6 47. Ng3 h5 48. Ke4 Bb8 49. h3 Bc7 50. Nf1 Bb6 51. Nd2 Ba7 52. Nc4 Kf6 53. Nd6 Bb8 54. Nf5 Bc7 55. Ne3 Bb8 56. Nd5+ Kg6 57. Kf3 Kf5 58. Ne3+ Kf6 59. Ke4 Kg6 60. Nd5 Bd6 61. h4 Bc5 62. f5+ Kf7 63. Kf3 Bd6 64. Nf4 Kf6 65. Ke4 Kg7 66. Nxh5+ Kh6 67. Nf4 Be7 68. Ng6 Bf6 69. Kd5 Kh5 70. Ke6 Bb2 71. Kf7 Kg4 72. Ke6 Kh5 73. Ne5 Kxh4 74. f6 Kg5 75. f7 Ba3 76. Kd7 Kf6 77. Nc4 Kxf7 1/2-1/2


[Site "https://www.chess.com"]

[Event "Titled Tuesday Blitz January 31 Late 2023"]
[White "Chigaev, Maksim"]
[Black "Duda, Jan-Krzysztof"]
[WhiteFideId "4108116"]
[BlackFideId "1170546"]
[WhiteElo "2628"]
[BlackElo "2724"]
[Result "0-1"]
[Round "05"]
[TimeControl "180+2"]
[Date "2023.01.31"]
[WhiteClock "0:00:06"]
[BlackClock "0:00:19"]

1. e4 c5 2. Nf3 d6 3. d4 cxd4 4. Nxd4 Nf6 5. Nc3 a6 6. Bg5 Nbd7 7. Bc4 Qb6 8. Bb3 e6 9. Qd2 Be7 10. O-O-O Nc5 11. f3 O-O 12. g4 Qc7 13. Be3 b5 14. a3 Rb8 15. Ba2 Bd7 16. b4 Nb7 17. h4 Rfc8 18. Kb2 a5 19. Ncxb5 Bxb5 20. Nxb5 Qd7 21. c4 axb4 22. axb4 d5 23. g5 Nd6 24. gxf6 Nxc4+ 25. Bxc4 Bxf6+ 26. Bd4 Rxc4 27. Bxf6 Qxb5 28. Be7 Qd7 29. Qg5 f6 30. Qg3 e5 31. Rd2 Qxe7 0-1


[Site "https://www.chess.com"]

[Event "Titled Tuesday Blitz January 31 Late 2023"]
[White "Mosadeghpour, Masoud"]
[Black "Deac, Bogdan-Daniel"]
[WhiteFideId "12519278"]
[BlackFideId "1226380"]
[WhiteElo "2472"]
[BlackElo "2700"]
[Result "1-0"]
[Round "05"]
[TimeControl "180+2"]
[Date "2023.01.31"]
[WhiteClock "0:01:11"]
[BlackClock "0:00:03"]

1. e4 e5 2. Nf3 Nc6 3. Bb5 a6 4. Ba4 Bc5 5. O-O Nge7 6. Nxe5 Nxe5 7. d4 b5 8. Bb3 Bxd4 9. Qxd4 d6 10. f4 c5 11. Qd1 N5c6 12. c3 O-O 13. Be3 c4 14. Bc2 d5 15. Nd2 d4 16. cxd4 Nxd4 17. f5 Nec6 18. f6 gxf6 19. e5 f5 20. Nf3 Nxc2 21. Qxc2 Ne7 22. Bg5 Qb6+ 23. Kh1 Nd5 24. Rad1 Be6 25. Nd4 Kh8 26. Nxf5 f6 27. exf6 Nxf6 28. Qe2 Rae8 29. Rd6 Bxf5 30. Bxf6+ Kg8 31. Qd2 Qc7 32. Rxf5 Qxd6 33. Qg5+ Kf7 34. Be5+ Ke6 35. Rf6+ 1-0


[Site "https://www.chess.com"]

[Event "Titled Tuesday Blitz January 31 Late 2023"]
[White "Paravyan, David"]
[Black "Indjic, Aleksandar"]
[WhiteFideId "4194985"]
[BlackFideId "911925"]
[WhiteElo "2601"]
[BlackElo "2618"]
[Result "0-1"]
[Round "05"]
[TimeControl "180+2"]
[Date "2023.01.31"]
[WhiteClock "0:00:02"]
[BlackClock "0:00:13"]

1. Nf3 d5 2. g3 Nc6 3. d4 Bf5 4. Bg2 Nb4 5. Na3 e6 6. O-O h5 7. h4 Bd6 8. c3 Nc6 9. Nb5 Nf6 10. Bg5 Be7 11. Bf4 Rc8 12. Qa4 Qd7 13. c4 O-O 14. Rac1 a6 15. Nc3 Rfd8 16. c5 Ne4 17. e3 f6 18. Qd1 Qe8 19. Nd2 e5 20. dxe5 fxe5 21. Bg5 Nxg5 22. hxg5 e4 23. Qb3 Qf7 24. Qxb7 Ne5 25. Qxa6 Bxg5 26. Qe2 Bh6 27. Nb5 Re8 28. Nd4 Bg4 29. Qa6 Ra8 30. Qb7 Reb8 31. c6 Rxb7 32. cxb7 Rb8 33. Nxe4 dxe4 34. Bxe4 Nf3+ 35. Nxf3 Bxf3 36. Bd3 Rxb7 37. Rc5 c6 38. e4 Kh8 39. Rf5 Qxa2 40. Rxf3 Rf7 41. Bb1 Qe6 42. Rxf7 Qxf7 43. f4 Qb3 44. Kg2 h4 45. gxh4 Qxb2+ 46. Kg3 Qb3+ 47. Kg4 Qc4 48. Re1 Qc3 49. Rd1 Qf6 50. f5 Qe7 51. Kf3 g6 52. fxg6 Kg7 53. h5 Qf6+ 54. Ke2 Qb2+ 55. Kf3 Kf6 56. Re1 Ke5 57. Rf1 Qc3+ 58. Kg2 Bf4 59. Rf3 Qd2+ 60. Rf2 Qe3 61. Kf1 Qc1+ 62. Kg2 Qxb1 63. g7 Qb8 64. h6 Qg8 0-1


[Site "https://www.chess.com"]